AoeStats
← AxingQuestions

MegaRandom

508977260Analyzed
4v4 RM · 6d ago on Sep 24, 2026· 28m 38s· 8 players
Game mode
Random Map
Map size
Large (8 player)
Population
200
Speed
Normal
Resources
Standard
Victory
Conquest
Starting age
Dark Age
Ending age
Imperial Age
RankedLock teamsTeams togetherTeam positionsShared explorationLock speedFull tech treeHidden civsTurbo modeCheats
Victory
Defeat
🇨🇦 Cumans · Canada
1209
+15
🇺🇸 Vikings · United States
1204
+15
🇵🇰 Franks · Pakistan
1190
+16
🇺🇸 Saxons · United States
1166
+17
🇬🇧 Persians · United Kingdom
1224
-18
🇦🇷 Italians · Argentina
1182
-16
🇨🇱 Mongols · Chile
1180
-15
🇳🇴 Varangians · Norway
1153
-14
unclesam613
4:38 Loom
10:28 Feudal Age
11:05 Double-Bit Axe
13:22 Horse Collar
22:52 Castle Age
21:14 Fletching
21:27 Padded Archer Armor
22:10 Wheelbarrow
22:01 Town Watch
22:10 Gold Mining
23:45 Bow Saw
23:36 Heavy Plow
23:01 Crossbowman
24:00 Hand Cart
25:26 Bloodlines
25:38 Scale Barding Armor
25:29 Bodkin Arrow
26:20 Thumb Ring
AxingQuestions
4:05 Loom
10:48 Feudal Age
11:00 Man-at-Arms
16:59 Horse Collar
17:07 Double-Bit Axe
17:59 Town Watch
18:39 Gold Mining
20:20 Fletching
20:31 Padded Archer Armor
25:30 Castle Age
25:40 Crossbowman
26:30 Bodkin Arrow
27:27 Bow Saw
27:20 Heavy Plow
28:02 Ballistics
29:02 Leather Archer Armor
BaronDC
10:01 Feudal Age
9:31 Loom
11:06 Double-Bit Axe
13:06 Fletching
14:34 Horse Collar
20:31 Castle Age
21:30 Scale Mail Armor
22:21 Bow Saw
22:14 Heavy Plow
24:31 Chain Mail Armor
24:04 Gambesons
24:19 Squires
27:37 Forging
27:47 Bodkin Arrow
28:04 Arson
Hamid9514
7:54 Loom
10:41 Feudal Age
13:08 Double-Bit Axe
16:06 Forging
22:13 Castle Age
21:23 Scale Barding Armor
25:06 Iron Casting
25:41 Husbandry
29:00 Chain Barding Armor
SombreWeb
7:34 Loom
9:53 Feudal Age
10:22 Double-Bit Axe
10:19 Horse Collar
21:02 Castle Age
19:56 Forging
20:25 Scale Barding Armor
20:39 Gold Mining
21:53 Bloodlines
26:53 Chain Barding Armor
28:30 Iron Casting
Klovner i Kamp
11:25 Feudal Age
13:05 Man-at-Arms
14:26 Loom
15:54 Double-Bit Axe
20:25 Horse Collar
26:49 Castle Age
25:05 Scale Barding Armor
26:28 Gold Mining
26:30 Stone Mining
SeNSei;
8:50 Loom
13:28 Feudal Age
18:44 Castle Age
16:55 Double-Bit Axe
18:11 Horse Collar
18:23 Gold Mining
19:39 Scale Barding Armor
19:46 Forging
21:38 Bloodlines
24:40 Fletching
27:22 Bodkin Arrow
28:52 Padded Archer Armor
阿根廷彭于晏
10:42 Feudal Age
13:34 Loom
16:21 Castle Age
20:29 Double-Bit Axe
23:14 Fletching
Connection lost

Rejoining the realm…

Still unreachable

The connection could not be restored.

Session expired

The server has moved on; the page needs a fresh start.